 Dungeon Crawl Stone Soup version 0.31.0-11-ge490571c62 (webtiles) character file.

Game seed: 5662678407655353502

21 Ashen the Sneak (level 2, 0/20 HPs)
             Began as a Gnoll Enchanter on Feb 7, 2024.
             Succumbed to a kobold's poison
             ... on level 1 of the Dungeon.
             The game lasted 00:00:59 (488 turns).

Ashen the Sneak (Gnoll Enchanter)                    Turns: 488, Time: 00:01:00

Health: 0/20       AC:  2    Str:  7    XL:     2   Next: 83%
Magic:  3/7        EV: 13    Int: 14    God:
Gold:   27         SH:  0    Dex: 12    Spells: 8/10 levels left

rFire   . . .        a - +1 dagger
rCold   . . .        (no shield)
rNeg    . . .        b - +0 robe
rPois   .            (no helmet)
rElec   .            (no cloak)
rCorr   .            (no gloves)
SInv    .            (no boots)
Will    .....        (no amulet)
Stlth   +++          (no ring)
HPRegen 0.23/turn    (no ring)
MPRegen 0.10/turn

%: no passive effects
@: lethally poisoned (0 -> -7), very slightly contaminated
A: fangs 1, strong nose, distributed training
a: no special abilities


You were on level 1 of the Dungeon.
You visited 1 branch of the dungeon, and saw 2 of its levels.

You collected 27 gold pieces.

Inventory:

Hand Weapons
 a - a +1 dagger (weapon)
Armour
 b - a +0 robe (worn)
Jewellery
 f - a ring of flight
Scrolls
 d - a scroll of identify {unknown}
 e - a scroll of acquirement {unknown}
Potions
 c - 2 potions of invisibility


   Skills:
 + Level 0.5 Fighting
 + Level 2.5 Short Blades
 + Level 0.5 Long Blades
 + Level 0.5 Axes
 + Level 0.5 Maces & Flails
 + Level 0.5 Polearms
 + Level 0.5 Staves
 + Level 0.5 Ranged Weapons
 + Level 0.5 Throwing
 + Level 0.5 Armour
 + Level 4.5 Dodging
 + Level 5.9 Stealth
 + Level 0.5 Shields
 + Level 0.5 Unarmed Combat
 + Level 4.9 Spellcasting
 + Level 0.4 Conjurations
 + Level 5.4 Hexes
 + Level 0.4 Summonings
 + Level 0.4 Necromancy
 + Level 0.4 Translocations
 + Level 0.4 Fire Magic
 + Level 0.4 Ice Magic
 + Level 0.4 Air Magic
 + Level 0.4 Earth Magic
 + Level 0.4 Alchemy
 + Level 0.7 Invocations
 + Level 0.5 Evocations
 + Level 0.5 Shapeshifting


You had 8 spell levels left.
You knew the following spells:

 Your Spells              Type           Power      Damage    Failure   Level
a - Ensorcelled Hibernat  Hex/Ice        22%        N/A       9%          2

Your spell library contained the following spells:

 Spells                   Type           Power      Damage    Failure   Level
 Confusing Touch          Hex            18%        N/A       6%          3
 Tukima's Dance           Hex            18%        N/A       6%          3
 Dazzling Flash           Conj/Hex       22%        N/A       16%         3
 Fugue of the Fallen      Necr           4%         N/A       41%         3
 Anguish                  Hex/Necr       5%         N/A       47%         4


Dungeon Overview and Level Annotations

Branches:
Dungeon (2/15)

Altars:


Innate Abilities, Weirdness & Mutations

You have very sharp teeth.
Your uncanny sense of smell can sniff out nearby items.
Your experience applies equally to all skills.


Message History

There is an open door here.
The kobold hits you with a +0 dagger of venom.
You are poisoned.
Casting: Ensorcelled Hibernation (safe; 9% risk of failure)
Confirm with . or Enter, or press ? or * to list all spells.
Aiming: Ensorcelled Hibernation (safe; 9% risk of failure)
Press: ? - help, Shift-Dir - straight line, f - kobold
Aim: a kobold, wielding a +0 dagger of venom (chance to affect: 62%)
You miscast Ensorcelled Hibernation.
You are very lightly contaminated with residual magic.
Nothing appears to happen.
You feel very sick.
The kobold hits you with a +0 dagger of venom.
You are lethally poisoned!
Casting: Ensorcelled Hibernation (safe; 9% risk of failure)
Confirm with . or Enter, or press ? or * to list all spells.
Aiming: Ensorcelled Hibernation (safe; 9% risk of failure)
Press: ? - help, Shift-Dir - straight line, f/p - kobold
Aim: a kobold, wielding a +0 dagger of venom (chance to affect: 62%)
The kobold looks drowsy...
You feel very sick. The rat completely misses you.
You are too injured to fight recklessly!
The helpless kobold fails to defend itself.
You impale the kobold!!
You kill the kobold!
* * * LOW HITPOINT WARNING * * *
You feel very sick. The rat closely misses you.
Okay, then.
You barely miss the rat. You bite the rat, but do no damage.
* * * LOW HITPOINT WARNING * * *
You feel sick. The rat barely misses you.
You hit the rat but do no damage.
* * * LOW HITPOINT WARNING * * *
You feel sick. The rat bites you.
* * * LOW HITPOINT WARNING * * *
You hit the rat.
You kill the rat!
You die...

#### #.# #.##### ...#
#.# #.....# ##.# ##+#
#####.# .#.## ##...#
#.# ....# #.....# ###
#.# .#..# .......##
##.###.# ....####
........####...##.##
.......+
........'..........#
#...####
......†@####...##..##
##..# ..:...)##
##.......# ###.#
#.....# #.###...#
###.# ##...#
#.##....# ....# ##+#
#.##.#..# #####
#.##.#..# # #.##.#..#
# .....# # # ####


There were no monsters in sight!

Vanquished Creatures
  A gnoll (D:1)
  A bat (D:2)
  An endoplasm (D:1)
  A hobgoblin (D:1)
  3 ball pythons (D:1)
  2 goblins (D:1)
  2 kobolds (D:1)
  2 rats (D:1)
13 creatures vanquished.

Notes
Turn   | Place    | Note
-------+----------+-------------------------------------------
     0 | D:1      | Ashen the Gnoll Enchanter began the quest for the Orb.
     0 | D:1      | Reached XP level 1. HP: 13/13 MP: 6/6
   211 | D:1      | Reached XP level 2. HP: 8/20 MP: 7/7
   214 | D:1      | Learned a level 2 spell: Ensorcelled Hibernation
   296 | D:1      | You fall into a shaft and drop 1 floor!
   488 | D:1      | Succumbed to a kobold's poison

Illustrated notes

Levels and vault maps discovered:
D:1:      mainiacjoe_arrival_reflecting_pool, layout_loops_corners
D:2:      layout_rooms, serial_shops, nicolae_lakefront_shop, basic_altar,
          uniq_crazy_yiuf_cottage

Action                     || total
---------------------------++-------
  Melee: Dagger            ||    22
         Bite              ||     3
   Cast: Ensorcelled Hiber ||     4
    Use: Potion            ||     1
   Stab: Sleeping          ||    10
         Invisible         ||     1
 Armour: Robe              ||     9
  Dodge: Dodged            ||    10
